 Dungeon Crawl Stone Soup version 0.31-a0-819-gf6de2f5ab6 (webtiles) character file.

Game seed: 18275614636077363163

16 qw the Shooter (level 2, 0/17 HPs)
             Began as a Gargoyle Hunter on Sept 23, 2023.
             Slain by a rat (3 damage)
             ... on level 1 of the Dungeon.
             The game lasted 00:00:08 (183 turns).

qw the Shooter (Gargoyle Hunter)                     Turns: 183, Time: 00:00:09

Health: 0/17       AC:  5    Str: 14    XL:     2   Next: 58%
Magic:  2/2        EV: 11    Int:  9    God:
Gold:   16         SH:  0    Dex: 13    Spells: 1/1 levels left

rFire   . . .        a - +0 shortbow
rCold   . . .        (shield currently unavailable)
rNeg    + . .        c - +0 leather armour
rPois   inf          (no helmet)
rElec   +            (no cloak)
rCorr   .            (no gloves)
SInv    .            (no boots)
Will    .....        (no amulet)
Stlth   +            (no ring)
HPRegen 0.22/turn    (no ring)
MPRegen 0.08/turn

%: no passive effects
@: no status effects
A: sickness immunity, AC +2, negative energy resistance 1, electricity
resistance, torment resistance 1, petrification resistance
a: no special abilities


You were on level 1 of the Dungeon.
You visited 1 branch of the dungeon, and saw 1 of its levels.

You collected 16 gold pieces.


Innate Abilities, Weirdness & Mutations

You are immune to sickness and miasma.
Your stone body is resilient. (AC +2)
You are immune to poison.
You resist negative energy. (rN+)
You are resistant to electric shocks. (rElec)
You are resistant to unholy torment.
You are immune to petrification.


   Skills:
 - Level 2.1 Fighting
 + Level 4.7 Ranged Weapons
 - Level 1.5 Dodging
 - Level 1.1 Stealth


You had one spell level left.
You didn't know any spells.
Your spell library was empty.

Inventory:

Hand Weapons
 a - a +0 shortbow (weapon)
Armour
 c - a +0 leather armour (worn)
Scrolls
 b - a scroll of butterflies
 d - a scroll of teleportation {unknown}
 e - a scroll of fog {unknown}
 g - a scroll of torment {unknown}
 i - a scroll of blinking {unknown}
Potions
 f - a potion of attraction {unknown}
 h - a potion of mutation {unknown}

Dungeon Overview and Level Annotations

Branches:
Dungeon (1/15)

Altars:


Message History

The hobgoblin barely misses you. The kobold barely misses you.
You shoot an arrow. The arrow closely misses the hobgoblin.
The arrow barely misses the rat.
The hobgoblin barely misses you. The kobold closely misses you.
A quokka comes into view.
You shoot an arrow. The arrow closely misses the hobgoblin.
The arrow completely misses the rat.
The hobgoblin hits you. The kobold barely misses you.
You shoot an arrow. The arrow hits the hobgoblin.
The hobgoblin is heavily wounded.
The hobgoblin barely misses you. The kobold hits you with a +0 dagger.
The kobold barely misses you. The hobgoblin hits you.
You shoot an arrow.
The arrow hits the hobgoblin but does no damage.
The hobgoblin is heavily wounded.
The kobold hits you with a +0 dagger.
The hobgoblin hits you but does no damage.
You shoot an arrow. The arrow hits the hobgoblin!
You kill the hobgoblin!
The quokka barely misses you. The kobold barely misses you.
The quokka bites you.
You shoot an arrow. The arrow closely misses the quokka.
The rat barely misses you. The quokka closely misses you.
The kobold barely misses you.
You shoot an arrow. The arrow misses the quokka.
The quokka misses you. The rat bites you.
The kobold hits you but does no damage. The quokka closely misses you.
You shoot an arrow. The arrow misses the quokka.
The rat barely misses you. The kobold hits you with a +0 dagger.
The quokka bites you.
You shoot an arrow. The arrow hits the quokka.
You kill the quokka!
The rat barely misses you. The kobold barely misses you. The kobold misses you.
The rat bites you but does no damage.
You shoot an arrow. The arrow hits the kobold.
The kobold is severely wounded.
The rat bites you but does no damage. The kobold hits you with a +0 dagger.
You shoot an arrow. The arrow barely misses the kobold.
The kobold barely misses you. The rat bites you.
You die...

...##.#..#
#.# .. #
##.# #.#
#.# #.#
#.# .#
#.## #..#
##.#
#.##.###
#@...|.#
#rK....#
#......#
.......#
.......#
.......>#
......>.#
.........#


You could see a kobold and a rat.

Vanquished Creatures
  A dart slug (D:1)
  2 ball pythons (D:1)
  2 bats (D:1)
  2 endoplasms (D:1)
  A goblin (D:1)
  A hobgoblin (D:1)
  2 quokkas (D:1)
  2 frilled lizards (D:1)
13 creatures vanquished.

Notes
Turn   | Place    | Note
-------+----------+-------------------------------------------
     0 | D:1      | qw the Gargoyle Hunter began the quest for the Orb.
     0 | D:1      | Reached XP level 1. HP: 12/12 MP: 1/1
     0 | D:1      | 0 ||| qw: Version: 0.3-a-83-gcd0e7d8
     0 | D:1      | 0 ||| qw: Game counter: 1631
     0 | D:1      | 0 ||| qw: Melee chars always use a shield: true
     0 | D:1      | 0 ||| qw: God list: Okawaru
     0 | D:1      | 0 ||| qw: Allow faded altars: false
     0 | D:1      | 0 ||| qw: Do Orc after clearing Dungeon:15 true
     0 | D:1      | 0 ||| qw: Do second Lair branch before Depths: true
     0 | D:1      | 0 ||| qw: Lair rune preference: random
     0 | D:1      | 0 ||| qw: Goals: Normal
     0 | D:1      | 0 ||| PLANNING D:1-11
    87 | D:1      | Reached XP level 2. HP: 17/17 MP: 2/2
   180 | D:1      | HP: 3/17 [quokka (2)]
   183 | D:1      | Slain by a rat

Levels and vault maps discovered:
D:1:      dpeg_arrival_rooms_with_view, layout_rooms, hex_large,
          minmay_pentomino_r2

Action                     || total
---------------------------++-------
   Fire: Shortbow          ||    46
 Armour: Leather armour    ||    19
  Dodge: Dodged            ||    28

Table legend:
 A = Non-vault XP
 B = Vault XP
 C = Vault XP percentage of total XP
 D = Non-vault monster count
 E = Vault monster count
 F = Vault count percentage of total count
                 A         B        C        D         E       F
            +---------+---------+-------+---------+---------+-------
      Total |      23 |       1 |   4.2 |      12 |       1 |   7.7
            +---------+---------+-------+---------+---------+-------
        D:1 |      23 |       1 |   4.2 |      12 |       1 |   7.7
            +---------+---------+-------+---------+---------+-------
